 Dungeon Crawl Stone Soup version 0.21.1-1-g345015f (webtiles) character file.

3374 grindst0ne the Fighter (level 10, -1/107 HPs)
             Began as an Ogre Hunter on Mar 5, 2018.
             Was a Believer of Okawaru.
             Slain by Erica
             ... wielding a +0 scimitar of flaming
              (2 damage)
             ... on level 8 of the Dungeon on Mar 6, 2018.
             The game lasted 00:21:44 (11470 turns).

grindst0ne the Fighter (Ogre Hunter)               Turns: 11470, Time: 00:21:45

Health: -1/107     AC: 12    Str: 18    XL:     10   Next: 3%
Magic:  14/14      EV: 10    Int: 15    God:    Okawaru [**....]
Gold:   130        SH:  0    Dex:  9    Spells: 9/9 levels left

rFire    . . .     SeeInvis .   G - +1 flail (protect)
rCold    . . .     Gourm    .   (no shield)
rNeg     . . .     Faith    .   x - +2 robe {MR+}
rPois    .         Spirit   .   (helmet restricted)
rElec    .         Reflect  .   (no cloak)
rCorr    .         Harm     .   (gloves unavailable)
MR       ++...                  (boots unavailable)
Stlth    +.........             (no amulet)
HPRegen  0.27/turn              k - ring of wizardry
MPRegen  0.14/turn              (no ring)

@: protection aura
A: large, unfitting armour, tough skin 1
a: Heroism, Renounce Religion


You were on level 8 of the Dungeon.
You worshipped Okawaru.
Okawaru was pleased with you.
You were hungry.

You visited 2 branches of the dungeon, and saw 9 of its levels.

You collected 509 gold pieces.
You spent 379 gold pieces at shops.

Inventory:

Hand Weapons
 e - a +0 giant spiked club
 G - a +1 flail of protection (weapon)
Missiles
 A - a large rock (quivered)
 B - 3 tomahawks
 D - 3 throwing nets
Armour
 x - a +2 robe of magic resistance (worn)
Jewellery
 k - a ring of wizardry (left hand)
Wands
 s - a wand of enslavement (7)
 C - a wand of disintegration (9)
Scrolls
 a - 2 scrolls of noise
 b - a scroll of summoning {unknown}
 d - a scroll of brand weapon {unknown}
 h - 3 scrolls of teleportation
 i - 4 scrolls of remove curse
 n - 4 scrolls of enchant armour {unknown}
 p - 3 scrolls of amnesia {unknown}
 q - a scroll of holy word {unknown}
 r - 3 scrolls of blinking {unknown}
 t - 2 scrolls of enchant weapon
 u - a scroll of immolation {unknown}
 v - 2 scrolls of fog {unknown}
 w - 2 scrolls of magic mapping {unknown}
 y - 2 scrolls of fear {unknown}
 F - a scroll of silence {unknown}
Potions
 c - a potion of cancellation
 j - 2 potions of brilliance
 l - a potion of mutation
 o - 2 potions of flight
 z - a potion of lignification {unknown}
Comestibles
 f - 23 rations
 g - 2 chunks of flesh


   Skills:
 + Level 9.6 Fighting
 + Level 6.2 Maces & Flails
 + Level 8.2 Throwing
 - Level 1.7 Dodging
 - Level 0.6 Stealth
 + Level 5.3 Evocations


You had 9 spell levels left.
You didn't know any spells.

Dungeon Overview and Level Annotations

Branches:
Dungeon (8/15)             Temple (1/1) D:7
   Lair: D:8-11

Altars:
Ashenzari
Fedhas
Nemelex Xobeh
Okawaru
Trog
Uskayaw
Vehumet
Wu Jian
Yredelemnul

Shops:
D:5 (   D:8 **

Annotations:
D:3 exclusion: downstairs
D:8 Erica


Innate Abilities, Weirdness & Mutations

You are too large for most types of armour.
You have tough skin. (AC +1)


Message History

* * * LOW HITPOINT WARNING * * *
Something burns you.
* * * LOW HITPOINT WARNING * * *
Okay, then.
You feel better. Something hits you.
* * * LOW HITPOINT WARNING * * *
Something burns you.
* * * LOW HITPOINT WARNING * * *
You feel better.
You miss something. Something hits you!
* * * LOW HITPOINT WARNING * * *
Something burns you.
* * * LOW HITPOINT WARNING * * *
The worker ant closely misses you.
You hit the worker ant but do no damage.
Your weapon exudes an aura of protection.
Something hits you!
* * * LOW HITPOINT WARNING * * *
Something burns you.
You die...

#..#.##..#########..# .# #.#
#..#.##..# #..##.# #.#
#..#.##..# #.....# #.#
...#.##..# #####.....# #.#
##.#.##..###...........# #.#
##.#.##......# #....# #.#
........<# ##.#.# #.#
...#......#########.#.######.#
#########......a@............#
######################


You could see a worker ant.

Vanquished Creatures
  A two-headed ogre (D:8)
  A hippogriff (D:5)
  Sigmund (D:4)
  A spriggan (D:7)
  Eustachio (D:6)
  The ghost of letownia2 the Conjurer, an amateur TeWz (D:4)
  2 orc warriors
  2 black bears
  A sky beast (D:5)
  2 ogres (D:5)
  2 centaurs
  3 bullfrogs
  A gnoll sergeant (D:8)
  A scorpion (D:4)
  2 crimson imps (D:6)
  3 hounds
  4 orc priests
  3 orc wizards
  6 worker ants
  A hound zombie (D:4)
  2 hound skeletons
  A howler monkey zombie (D:7)
  11 adders
  10 gnolls
  An ooze (D:4)
  An adder skeleton (D:3)
  3 worms
  9 leopard geckos
  14 orcs
  12 giant cockroaches
  10 goblins
  5 hobgoblins
  10 jackals
  8 kobolds
  5 quokkas
  A ball python (D:3)
  3 bats (D:1)
  6 frilled lizards
  A leopard gecko zombie (D:7)
  A quokka skeleton (D:6)
  5 rats
158 creatures vanquished.

Vanquished Creatures (collateral kills)
  A centaur (D:8)
  An orc (D:8)
2 creatures vanquished.

Grand Total: 160 creatures vanquished

Notes
Turn   | Place    | Note
-------+----------+-------------------------------------------
     0 | D:1      | grindst0ne the Ogre Hunter began the quest for the Orb.
     0 | D:1      | Reached XP level 1. HP: 22/22 MP: 1/1
   353 | D:1      | Reached skill level 3 in Fighting
   394 | D:1      | Reached XP level 2. HP: 25/31 MP: 2/2
  1427 | D:2      | Reached XP level 3. HP: 33/37 MP: 3/3
  1656 | D:2      | Reached skill level 1 in Maces & Flails
  1967 | D:2      | Reached skill level 4 in Fighting
  1967 | D:2      | Reached XP level 4. HP: 48/48 MP: 4/4
  2206 | D:2      | Found a faded altar of an unknown god.
  3061 | D:3      | Reached XP level 5. HP: 50/55 MP: 5/5
  3087 | D:3      | Reached skill level 5 in Throwing
  3087 | D:3      | Reached skill level 1 in Evocations
  4212 | D:4      | Reached skill level 5 in Fighting
  4212 | D:4      | Reached XP level 6. HP: 48/66 MP: 5/7
  5005 | D:4      | Noticed letownia2's ghost (amateur TeWz)
  5007 | D:4      | Noticed Sigmund
  5021 | D:4      | Killed Sigmund
  5021 | D:4      | Reached XP level 7. HP: 74/74 MP: 8/8
  6037 | D:4      | Found a hide-covered altar of Uskayaw.
  6190 | D:4      | Killed letownia2's ghost
  6190 | D:4      | Reached skill level 6 in Fighting
  6447 | D:5      | Entered Level 5 of the Dungeon
  6888 | D:5      | Noticed a hippogriff
  6930 | D:5      | Killed a hippogriff
  6930 | D:5      | Reached XP level 8. HP: 72/84 MP: 10/10
  6945 | D:5      | Found Massiviy's Weapon Shoppe.
  6959 | D:5      | Bought a +0 flail of protection for 80 gold pieces
  7003 | D:5      | Found a basalt altar of Yredelemnul.
  7012 | D:5      | Reached skill level 7 in Fighting
  7645 | D:6      | Found an iron altar of Okawaru.
  7646 | D:6      | Found a shattered altar of Ashenzari.
  7647 | D:6      | Found an ornate altar of the Wu Jian Council.
  7649 | D:6      | Found a bloodstained altar of Trog.
  7649 | D:6      | Found a blossoming altar of Fedhas.
  7650 | D:6      | Found a sparkling altar of Nemelex Xobeh.
  7653 | D:6      | Became a worshipper of Warmaster Okawaru
  8232 | D:6      | Found a radiant altar of Vehumet.
  8259 | D:6      | Noticed Eustachio
  8286 | D:6      | Killed Eustachio
  8286 | D:6      | Reached skill level 8 in Fighting
  8286 | D:6      | Reached skill level 5 in Maces & Flails
  8286 | D:6      | Reached XP level 9. HP: 36/96 MP: 10/12
  8787 | D:5      | Bought 3 tomahawks for 19 gold pieces
  9433 | D:7      | Found a staircase to the Ecumenical Temple.
  9464 | Temple   | Entered the Ecumenical Temple
  9774 | D:7      | Reached * piety under Okawaru
 10454 | D:8      | Noticed a two-headed ogre
 10519 | D:8      | Killed a two-headed ogre
 10519 | D:8      | Reached skill level 9 in Fighting
 10519 | D:8      | Reached skill level 5 in Evocations
 10871 | D:8      | Noticed Erica
 11122 | D:8      | Found Weimoh's General Store.
 11140 | D:8      | Reached XP level 10. HP: 78/107 MP: 13/13
 11154 | D:8      | Bought a scroll of remove curse for 42 gold pieces
 11154 | D:8      | Bought 3 scrolls of teleportation for 126 gold pieces
 11154 | D:8      | Bought a potion of mutation for 112 gold pieces
 11155 | D:8      | Found Bupiosos's Changing Room.
 11282 | D:8      | Reached ** piety under Okawaru
 11470 | D:8      | HP: 1/107 [something (8)]
 11470 | D:8      | Slain by Erica

Skill      XL: |  1  2  3  4  5  6  7  8  9 |
---------------+----------------------------+-----
Fighting       | 3 4 5 6 8 9 |  9.6
Maces & Flails | 1 2 3 4 5 6 |  6.2
Throwing       | 5 6 7 8 |  8.2
Evocations     | 1 2 3 4 5 |  5.3
Dodging        | |  1.7
Stealth        | |  0.6

Action                   |  1- 3 |  4- 6 |  7- 9 | 10-12 || total
-------------------------+-------+-------+-------+-------++-------
Melee: Short sword       |    27 |       |       |       ||    27
       Club              |   207 |     9 |       |       ||   216
       Flail             |       |   164 |   407 |    45 ||   616
Throw: Large rock        |     4 |     8 |    23 |     1 ||    36
       Throwing net      |       |     2 |     2 |       ||     4
       Tomahawk          |       |     1 |     8 |       ||     9
Evoke: Wand              |       |       |     4 |       ||     4
  Use: Potion            |       |     2 |     6 |     5 ||    13
       Scroll            |       |       |    12 |       ||    12
 Stab: Sleeping          |       |     1 |     2 |       ||     3
       Invisible         |       |       |     3 |       ||     3
  Eat: Chunk             |     4 |    10 |    19 |     1 ||    34
Armor: Robe              |   130 |    46 |   259 |    14 ||   449
Dodge: Dodged            |   158 |   113 |   271 |    18 ||   560
